 Dungeon Crawl Stone Soup version 0.28.0-45-g0d030f2227 (webtiles) character file.

Game seed: 17577125385376198124

2152 Revguard the Magician (level 9, -8/51 HPs)
             Began as a Deep Elf Warper on Apr 20, 2022.
             Was a Follower of Wu Jian.
             Mangled by an orc warrior
             ... wielding a +0 glaive
              (12 damage)
             ... on level 6 of the Dungeon.
             The game lasted 00:24:21 (8159 turns).

Revguard the Magician (Deep Elf Warper)             Turns: 8159, Time: 00:24:21

Health: -8/51      AC: 17    Str: 16    XL:     9   Next: 10%
Magic:  16/22      EV: 13    Int: 28    God:    Wu Jian [*.....]
Gold:   669        SH:  0    Dex: 19    Spells: 10/23 levels left

rFire   . . .      SeeInvis .   g - +2 dagger (venom)
rCold   + . .      Faith    .   (no shield)
rNeg    + + .      Spirit   .   j - +5 ring mail of Generosity {rC+ Int+3}
rPois   +          Reflect  .   (no helmet)
rElec   .          Harm     .   (no cloak)
rCorr   .          Rampage  .   f - +2 pair of gloves {Dex+3}
Will    +++..      Clarity  +   n - +2 pair of boots "Toikawk" {rN+ Int+6}
Stlth   +++.......              b - amulet of the Four Winds {rN+ Will+++ Clar}
HPRegen 0.17/turn               k - +6 ring of strength
MPRegen 0.18/turn               p - ring of poison resistance

@: no status effects
A: no striking features
a: Renounce Religion


You were on level 6 of the Dungeon.
You worshipped Wu Jian.
Wu Jian was aware of your devotion.
You visited 2 branches of the dungeon, and saw 9 of its levels.

You collected 1151 gold pieces.
You spent 482 gold pieces at shops.

Inventory:

Hand Weapons
 e - a +2 short sword of freezing
 g - a +2 dagger of venom (weapon)
 m - a +2 dagger of flaming
 z - a +4 vampiric dagger
Missiles
 x - 3 boomerangs
Armour
 f - a +2 pair of gloves of dexterity (worn)
 j - the +5 ring mail of Generosity (worn) {rC+ Int+3}
   (You found it on level 2 of the Dungeon)

   Int:       It affects your intelligence (+3).
   rC:        It protects you from cold.
 n - the +2 pair of boots "Toikawk" (worn) {rN+ Int+6}
   (You found it on level 4 of the Dungeon)

   Int:       It affects your intelligence (+6).
   rN:        It protects you from negative energy.
Jewellery
 b - the amulet of the Four Winds (around neck) {rN+ Will+++ Clar}
   (You bought it in a shop on level 3 of the Dungeon)

   [amulet of nothing]

   rN:        It protects you from negative energy.
   Clar:      It protects you against confusion.
   Will:      It greatly increases your willpower.
 k - a +6 ring of strength (left hand)
 p - a ring of poison resistance (right hand)
Wands
 d - a wand of acid (1)
 y - a wand of flame (7)
Scrolls
 c - a scroll of immolation {unknown}
 l - a scroll of identify
 o - a scroll of amnesia
 q - a scroll of holy word
 s - a scroll of magic mapping {unknown}
 u - 3 scrolls of enchant armour
 w - a scroll of enchant weapon {unknown}
 A - a scroll of blinking
Potions
 a - 2 potions of lignification
 h - 3 potions of curing
 i - 2 potions of heal wounds
 r - a potion of flight
 t - a potion of might
 v - 2 potions of ambrosia


   Skills:
 + Level 3.6 Fighting
 + Level 4.4 Short Blades
 - Level 1.0 Throwing
 + Level 3.2 Armour
 + Level 5.3 Dodging
 * Level 7.5 Stealth
 * Level 7.7 Spellcasting
 + Level 5.4 Translocations


You had 10 spell levels left.
You knew the following spells:

 Your Spells              Type           Power      Damage    Failure   Level
a - Blink                 Tloc           82%        N/A       1%          2
b - Gell's Gravitas       Tloc           41%        N/A       3%          3
c - Lesser Beckoning      Tloc           41%        N/A       3%          3
d - Manifold Assault      Tloc           41%        N/A       28%         5

Your spell library contained the following spells:

 Spells                   Type           Power      Damage    Failure   Level
 Apportation              Tloc           82%        N/A       1%          1
 Teleport Other           Tloc           41%        N/A       3%          3
 Animate Skeleton         Necr           20%        N/A       10%         1
 Summon Small Mammal      Summ           40%        N/A       10%         1
 Ensorcelled Hibernation  Hex/Ice        20%        N/A       14%         2
 Passwall                 Tmut/Erth      8%         N/A       14%         2
 Static Discharge         Conj/Air       10%        N/A       14%         2
 Sublimation of Blood     Necr           10%        N/A       14%         2
 Conjure Flame            Conj/Fire      10%        6-21      28%         3
 Ignite Poison            Fire/Tmut/Pois 10%        N/A       28%         3
 Mephitic Cloud           Conj/Pois/Air  10%        N/A       28%         3
 Swiftness                Air            10%        N/A       28%         3
 Petrify                  Tmut/Erth      10%        N/A       67%         4
 Sticky Flame             Conj/Fire      10%        2d3       67%         4
 Irradiate                Conj/Tmut      5%         3d15      95%         5
 Starburst                Conj/Fire      5%         6d4       100%        6


Dungeon Overview and Level Annotations

Branches:
Dungeon (8/15)             Temple (1/1) D:4
   Lair: D:8-11

Altars:
Ashenzari
Cheibriados
Elyvilon
Fedhas
Hepliaklqana
Kikubaaqudgha
Makhleb
Nemelex Xobeh
Okawaru
Qazlal
Ru
Trog
Uskayaw
Vehumet
Wu Jian
Xom

Shops:
D:3 =   D:6 *

Annotations:
D:7 2 transporters


Message History

The orc wizard looks as sick as possible!
The orc wizard is severely wounded.
You hit the orc wizard.
The orc wizard is almost dead.
The orc wizard hits you with a +0 whip. The orc warrior closely misses you.
You hit the orc wizard but do no damage.
The orc wizard looks as sick as possible!
The orc wizard is almost dead.
You kill the orc wizard!
The Council accepts your kill. The orc warrior closely misses you.
You hit the wyvern skeleton.
The wyvern skeleton is heavily damaged.
The wyvern skeleton closely misses you. The orc warrior misses you.
You hit the wyvern skeleton.
The wyvern skeleton is severely damaged.
The wyvern skeleton misses you.
The orc warrior hits you from afar with a +0 glaive.
You hit the wyvern skeleton.
The wyvern skeleton is severely damaged.
The wyvern skeleton bites you.
You hit the wyvern skeleton.
The wyvern skeleton is almost destroyed.
The wyvern skeleton bites you but does no damage.
The orc warrior hits you from afar with a +0 glaive!!
* * * LOW HITPOINT WARNING * * *
You hit the wyvern skeleton.
You destroy the wyvern skeleton!
The Council accepts your kill. The orc warrior misses you.
The orc warrior hits you with a +0 glaive.
* * * LOW HITPOINT WARNING * * *
Things that are here:
a +0 whip; a +0 robe; an orc corpse You spin and attack the orc warrior.
You hit the orc warrior but do no damage.
The orc warrior looks even sicker.
The orc warrior is heavily wounded.
The orc warrior hits you with a +0 glaive!
You die...

##. .. #...# .. # #...# ..
.# #...# .####.# #...#
.....####[########
#.......#........#
#.#####.#..#####.#
####)##.....#.......
#...@o#.##.#..##.#..
###.#.)..............
#.#.#.#.#.#.#.#........#.#
................##..#### #
#)#.#.#.#<#.#.####..#
...............# ....
#.#.#.#.#.#.#.## .####
...............
#.#o#.#.#.#.#.#...


You could see an orc warrior (very poisoned).

Vanquished Creatures
  Grinder (D:4)
  An orc warrior (D:6)
  3 ice beasts
  An ogre (D:4)
  2 centaurs
  2 phantoms
  A bullfrog (D:8)
  4 scorpions
  2 wyvern skeletons
  A howler monkey (D:7)
  An orc priest (D:6)
  2 hounds
  A bullfrog skeleton (D:5)
  2 iguanas (D:5)
  An orc wizard (D:6)
  2 hound skeletons
  4 adders
  2 howler monkey skeletons
  A shadow imp (D:7)
  2 white imps
  An ufetubus (D:5)
  3 worms
  5 dart slugs
  12 orcs
  7 ball pythons
  6 endoplasms
  8 giant cockroaches
  4 hobgoblins
  3 jackals (D:1)
  6 kobolds
  7 quokkas
  4 bats
  A frilled lizard (D:3)
  5 goblins
  8 rats
116 creatures vanquished.

Vanquished Creatures (collateral kills)
  A wyvern (D:8)
  5 wights (D:8)
6 creatures vanquished.

Vanquished Creatures (others)
  An ice beast (D:6)
  A plant (D:5)
2 creatures vanquished.

Grand Total: 124 creatures vanquished

Notes
Turn   | Place    | Note
-------+----------+-------------------------------------------
     0 | D:1      | Revguard the Deep Elf Warper began the quest for the Orb.
     0 | D:1      | Reached XP level 1. HP: 12/12 MP: 6/6
   419 | D:1      | Reached skill level 1 in Stealth
   455 | D:1      | Reached skill level 1 in Armour
   455 | D:1      | Reached XP level 2. HP: 17/17 MP: 8/8
   463 | D:1      | Learned a level 2 spell: Blink
  1329 | D:2      | Reached XP level 3. HP: 21/21 MP: 9/9
  1363 | D:2      | Found a faded altar of an unknown god.
  1794 | D:2      | Found a radiant altar of Vehumet.
  1944 | D:2      | Identified the +5 ring mail of Generosity {rC+ Int+3}
  1969 | D:2      | Learned a level 3 spell: Gell's Gravitas
  2310 | D:2      | Reached XP level 4. HP: 26/26 MP: 11/11
  2627 | D:3      | Got the Papyrus of the Flying Volcanoes
  2681 | D:3      | Learned a level 3 spell: Lesser Beckoning
  3050 | D:3      | Found Turo Wepni's Jewellery Shop.
  3327 | D:4      | Noticed a +0 dagger
  3328 | D:4      | Noticed a +0 dagger
  3342 | D:4      | Noticed a +0 falchion
  3342 | D:4      | Noticed a +0 short sword
  3342 | D:4      | Noticed a +0 spear
  3342 | D:4      | Noticed a +0 spear
  3344 | D:4      | Noticed a +0 falchion
  3344 | D:4      | Noticed a +0 short sword
  3347 | D:4      | Found a hide-covered altar of Uskayaw.
  3354 | D:4      | Identified the +2 pair of boots "Toikawk" {rN+ Int+6}
  3469 | D:4      | Noticed Grinder
  3510 | D:4      | Killed Grinder
  3511 | D:4      | Reached XP level 5. HP: 21/30 MP: 9/13
  3511 | D:4      | Reached XP level 6. HP: 25/35 MP: 9/14
  3517 | D:4      | Learned a level 5 spell: Manifold Assault
  3616 | D:4      | Found a staircase to the Ecumenical Temple.
  4199 | D:4      | Found a shimmering altar of Xom.
  4317 | Temple   | Entered the Ecumenical Temple
  4650 | Temple   | Became a worshipper of the Wu Jian Council
  4660 | D:4      | Identified a scroll of acquirement
  4660 | D:4      | Acquired 872 gold pieces
  4744 | D:3      | Bought the amulet of the Four Winds {rN+ Will+++ Clar} for
                  | 482 gold pieces
  4744 | D:3      | Found the amulet of the Four Winds {rN+ Will+++ Clar}
  4781 | D:5      | Entered Level 5 of the Dungeon
  4934 | D:5      | Reached skill level 5 in Spellcasting
  5000 | D:5      | Reached XP level 7. HP: 32/40 MP: 16/16
  5130 | D:5      | Found a sparkling altar of Nemelex Xobeh.
  5130 | D:5      | Found an ancient bone altar of Kikubaaqudgha.
  5150 | D:5      | Found a snail-covered altar of Cheibriados.
  5228 | D:5      | Reached skill level 5 in Stealth
  6061 | D:6      | Found a broken altar of Ashenzari.
  6155 | D:6      | You fall into a shaft and drop 2 floors!
  6228 | D:8      | Noticed a wyvern
  6246 | D:8      | Killed a wyvern
  6247 | D:8      | Reached XP level 8. HP: 15/45 MP: 11/19
  6251 | D:8      | Reached * piety under Wu Jian
  6536 | D:7      | Reached skill level 5 in Translocations
  6571 | D:7      | Reached skill level 5 in Dodging
  7010 | D:7      | Found a transporter.
  7011 | D:7      | Noticed a kobold demonologist
  7013 | D:7      | Noticed a kobold demonologist
  7023 | D:7      | Noticed an orc sorcerer
  7029 | D:7      | Found a transporter.
  7698 | D:6      | Found Enukyupim's Assorted Antiques.
  7859 | D:6      | Reached XP level 9. HP: 16/51 MP: 18/22
  8159 | D:6      | Mangled by an orc warrior

Illustrated notes

Levels and vault maps discovered:
D:1:      scummos_arrival_forest, layout_loops_cross
D:2:      layout_basic, basic_altar, shapermc_ecumenical_altar_totnotflames,
          minmay_unequal
D:3:      cheibrodos_helix_gallery, layout_basic, serial_shops, shop
D:4:      layout_basic, marbit_many_paths, nicolae_uskayaw_en_pointe,
          temple_doors_e, uniq_grinder
D:5:      layout_basic, gammafunk_temple_overflow_forgotten,
          gup_sewer_entry_bubbles, grunt_ministairs_1,
          chequers_serial_rivers_small_a
D:6:      layout_loops_cross, grunt_temple_overflow_holy_war,
          mainiacjoe_overflow_surrounded_room, fiery_altar_vehumet,
          ebering_ghost_sewer_d, serial_shops, shop_statue, st_stairs_11,
          nzn_random_ring
D:7:      gammafunk_wand_slinger, layout_basic
D:8:      cheibrodos_statue_roulette, layout_layer_cave, zin_purify,
          mainiacjoe_overflow_two_lobes, serial_shops, nicolae_diamond_shop,
          uniq_maurice
Temple:   compressed_dpeg_triangle_lava_temple

Skill      XL: |  1  2  3  4  5  6  7  8 |
---------------+-------------------------+-----
Stealth        | 1 2 4 6 7 |  7.5
Armour         | 1 2 3 |  3.2
Dodging        | 3 4 5 |  5.3
Fighting       | 2 3 |  3.6
Spellcasting   | 4 5 6 7 |  7.7
Translocations | 4 5 |  5.4
Short Blades   | 3 4 |  4.4
Throwing       | |  1.0

Action                   |  1- 3 |  4- 6 |  7- 9 || total
-------------------------+-------+-------+-------++-------
Melee: Short sword       |    68 |       |       ||    68
       Dagger            |    39 |   138 |   262 ||   439
       Punch             |       |       |     2 ||     2
 Cast: Gell's Gravitas   |       |     2 |     7 ||     9
       Manifold Assault  |       |       |     1 ||     1
Invok: Lunge             |       |     1 |    15 ||    16
       Whirlwind         |       |       |    22 ||    22
Evoke: Wand              |       |     2 |       ||     2
  Use: Scroll            |     2 |     6 |     9 ||    17
       Potion            |     1 |     6 |     1 ||     8
 Stab: Sleeping          |     8 |     4 |     5 ||    17
       Distracted        |     1 |       |     1 ||     2
Armor: Leather armour    |    21 |       |       ||    21
       Ring mail         |    13 |    51 |   107 ||   171
Dodge: Dodged            |    59 |    53 |   114 ||   226
